AoeStats
← Pepey

Arabia

510924347Analyzed
2v2 RM · 20h ago on Oct 3, 2026· 19m 14s· 4 players
Game mode
Random Map
Map size
Medium (4 player)
Population
200
Speed
Normal
Resources
Standard
Victory
Conquest
Starting age
Dark Age
Ending age
Imperial Age
RankedLock teamsTeams togetherTeam positionsShared explorationLock speedFull tech treeHidden civsTurbo modeCheats
Victory
Defeat
🇦🇷 Persians · Argentina
1404
+11
🇦🇷 Saracens · Argentina
1326
+14
🇲🇽 Lithuanians · Mexico
1374
-16
🇲🇽 Ethiopians · Mexico
1193
-9
WhiteKnightT23
6:03 Loom
8:51 Feudal Age
9:19 Double-Bit Axe
11:07 Horse Collar
18:43 Bloodlines
BlackWolf
6:44 Loom
10:59 Feudal Age
13:20 Double-Bit Axe
RevolveR
6:58 Loom
9:20 Feudal Age
17:10 Scale Barding Armor
19:21 Wheelbarrow
Pepey
6:52 Loom
9:43 Feudal Age
13:22 Fletching
15:33 Padded Archer Armor
Connection lost

Rejoining the realm…

Still unreachable

The connection could not be restored.

Session expired

The server has moved on; the page needs a fresh start.